 Dungeon Crawl Stone Soup version 0.32-a0-928-g1cae6b7ea0 (webtiles) character file.

Game seed: 3548050423889977868

203110 mdk the Warrior (level 17, 0/180 HPs)
             Began as a Mountain Dwarf Fighter on Apr 12, 2024.
             Was the Champion of Ashenzari.
             Slain by a jumping spider (6 damage)
             ... led by a torpor snail
             ... on level 3 of the Spider Nest.
             The game lasted 00:47:18 (29903 turns).

mdk the Warrior (Mountain Dwarf Fighter)           Turns: 29903, Time: 00:47:19

Health: 0/180      AC: 41    Str: 25    XL:     17   Next: 97%
Magic:  26/26      EV:  5    Int: 11    God:    Ashenzari [******]
Gold:   1594       SH:  0    Dex:  9    Spells: 18/28 levels left

rFire   + . .        a - +8 demon trident "Rift" {distort, reach+, Self, Fort} (curse)
rCold   + . .        t - +3 kite shield "Per Aspera Ad Scientiam" {Dev, Melee} (curse)
rNeg    . . .        Z - +1 gold dragon scales "Bound Together" {rPois rF+ rC+, Comp, Dev} (curse)
rPois   +            j - +1 helmet of Ashenzari's Omission {Self, Comp} (curse)
rElec   .            f - +2 cloak of the Tethered Visionary {Dev, Comp} (curse)
rCorr   .            y - +2 pair of gloves "Tethered Fanaticism" {Fort, Elem} (curse)
SInv    +            U - +2 pair of boots of Ashenzari's Monotheism {Fly, Fort, Range} (curse)
Will    +....        V - amulet "Behold Eternity" {Reflect SH+5, Cun, Melee} (curse) Stlth
                     c - ring "Cryptic Oracle" {AC+4, Comp, Self} (curse)
HPRegen 0.50/turn    B - ring "Cursed With Me" {EV+5, Melee, Range} (curse)
MPRegen 0.20/turn

%: reflection, clarity
@: spiked, flying, held, studying Throwing
A: runic magic, artefact enchanting
}: 1/15 runes: decaying
a: Renounce Religion, Shatter the Chains


You were on level 3 of the Spider Nest.
You worshipped Ashenzari.
Ashenzari was exalted by your worship.
You visited 6 branches of the dungeon, and saw 30 of its levels.
You also visited: Sewer and Bailey.

You collected 3286 gold pieces.
You spent 1692 gold pieces at shops.

Inventory:

Hand Weapons
 a - the cursed +8 demon trident "Rift" (weapon) {distort, reach+, Self, Fort}
   (You found it on level 5 of the Dungeon)

   It has a curse which improves the following skills: Introspection: Fighting
   and Spellcasting.
   Fortitude: Armour and Shields.
 x - a +0 broad axe of venom
Missiles
 i - 47 poisoned darts (quivered)
 k - 10 curare-tipped darts
 D - 22 boomerangs
 M - 11 javelins
 T - 2 throwing nets
Armour
 f - the cursed +2 cloak of the Tethered Visionary (worn) {Dev, Comp}
   (You found it on level 1 of the Dungeon)

   It has a curse which improves the following skills: Devices: Evocations and
   Shapeshifting.
   Companions: Summonings and Necromancy.
 j - the cursed +1 helmet of Ashenzari's Omission (worn) {Self, Comp}
   (You found it on level 1 of the Dungeon)

   It has a curse which improves the following skills: Introspection: Fighting
   and Spellcasting.
   Companions: Summonings and Necromancy.
 t - the cursed +3 kite shield "Per Aspera Ad Scientiam" (worn) {Dev, Melee}
   (You took it off a gnoll sergeant on level 12 of the Dungeon)

   It has a curse which improves the following skills: Devices: Evocations and
   Shapeshifting.
   Melee Combat: Short Blades, Long Blades, Axes, Maces & Flails, Polearms,
   Staves and Unarmed Combat.
 y - the cursed +2 pair of gloves "Tethered Fanaticism" (worn) {Fort, Elem}
   (You found it on level 5 of the Dungeon)

   It has a curse which improves the following skills: Fortitude: Armour and
   Shields.
   Elements:  Fire Magic, Ice Magic, Air Magic and Earth Magic.
 U - the cursed +2 pair of boots of Ashenzari's Monotheism (worn) {Fly, Fort, Range}
   (You found it on level 1 of the Lair of Beasts)

   It has a curse which improves the following skills: Fortitude: Armour and
   Shields.
   Ranged Combat: Ranged Weapons and Throwing.
 Z - the cursed +1 gold dragon scales "Bound Together" (worn) {rPois rF+ rC+, Comp, Dev}
   (You bought it in a shop on level 12 of the Dungeon)

   rF+:       It protects you from fire.
   rC+:       It protects you from cold.
   rPois:     It protects you from poison.
   It has a curse which improves the following skills: Companions: Summonings
   and Necromancy.
   Devices:   Evocations and Shapeshifting.
Jewellery
 c - the cursed ring "Cryptic Oracle" (left hand) {AC+4, Comp, Self}
   (You acquired it on level 15 of the Dungeon)

   [ring of protection]

   AC+4:      It affects your AC (+4).
   It has a curse which improves the following skills: Companions: Summonings
   and Necromancy.
   Introspection: Fighting and Spellcasting.
 h - a ring of protection from fire
 B - the cursed ring "Cursed With Me" (right hand) {EV+5, Melee, Range}
   (You found it on level 8 of the Dungeon)

   [ring of evasion]

   EV+5:      It affects your evasion (+5).
   It has a curse which improves the following skills: Melee Combat: Short
   Blades, Long Blades, Axes, Maces & Flails, Polearms, Staves and Unarmed
   Combat.
   Ranged Combat: Ranged Weapons and Throwing.
 V - the cursed amulet "Behold Eternity" (around neck) {Reflect SH+5, Cun, Melee}
   (You found it on level 2 of the Lair of Beasts)

   [amulet of reflection]

   Reflect:   It reflects blocked missile attacks.
   SH+5:      It affects your SH (+5).
   It has a curse which improves the following skills: Cunning: Dodging and
   Stealth.
   Melee Combat: Short Blades, Long Blades, Axes, Maces & Flails, Polearms,
   Staves and Unarmed Combat.
 X - a ring of protection from cold
Wands
 g - a wand of digging (4)
 q - a wand of charming (14)
 v - a wand of flame (63)
 F - a wand of mindburst (22)
 I - a wand of acid (26)
 K - a wand of roots (7)
 N - a wand of polymorph (16)
Scrolls
 e - 6 scrolls of blinking
 A - 14 scrolls of teleportation
 C - a scroll of torment
 H - 4 scrolls of revelation
 J - 2 scrolls of brand weapon
 Q - 6 scrolls of fog
 R - a scroll of enchant weapon
 S - 2 scrolls of poison
 Y - 7 scrolls of amnesia
Potions
 d - 8 potions of might
 l - 5 potions of enlightenment
 m - 4 potions of mutation
 n - 7 potions of haste
 p - 6 potions of attraction
 r - 2 potions of cancellation
 s - 3 potions of magic
 w - 5 potions of brilliance
 z - 2 potions of resistance
 E - 8 potions of heal wounds
 G - 12 potions of curing
 O - 4 potions of berserk rage
 P - a potion of ambrosia
 W - a potion of invisibility
Miscellaneous
 o - a sack of spiders
 u - a tin of tremorstones (inert)


   Skills:
 * Level 19.2(23.6) Fighting
 - Level 6.4(13.7) Axes
 - Level 11.1(16.2) Polearms
 - Level 12.9(16.4) Throwing
 - Level 13.3(18.0) Armour
 + Level 2.1(4.0) Dodging
 + Level 2.7(4.7) Stealth
 - Level 13.2(17.9) Shields
 + Level 2.6(6.2) Spellcasting
 * Level 4.8(10.0) Summonings
 * Level 5.4(10.8) Necromancy
 * Level 3.9 Translocations
 * Level 5.2(7.6) Earth Magic
 * Level 10.2(14.9) Evocations


You had 18 spell levels left.
You knew the following spells:

 Your Spells              Type           Power      Damage    Failure   Level
a - Borgnjor's Vile Clut  Necr/Erth      11%        N/A       32%         5
b - Summon Forest         Summ/Tloc      9%         N/A       63%         5

Your spell library contained the following spells:

 Spells                   Type           Power      Damage    Failure   Level
 Necrotise                Necr           100%       1d9       1%          1
 Call Imp                 Summ           50%        N/A       1%          2
 Sublimation of Blood     Necr           27%        N/A       1%          2
 Vampiric Draining        Necr           27%        2d7       1%          3
 Martyr's Knell           Necr/Summ      26%        N/A       7%          4
 Animate Armour           Summ/Erth      44%        N/A       13%         4
 Cigotuvi's Dreadful Rot  Necr/Alch/Air  22%        N/A       17%         2
 Curse of Agony           Necr           27%        N/A       17%         5
 Stone Arrow              Conj/Erth      22%        3d8       32%         3
 Sting                    Conj/Alch      12%        1d3       45%         1
 Anguish                  Hex/Necr       7%         N/A       50%         4
 Lee's Rapid Deconstruct  Erth           10%        3d8*      52%         5
 Volatile Blastmotes      Fire/Tloc      16%        2d11      54%         3
 Mercury Vapours          Alch/Air       6%         N/A       58%         2
 Jinxbite                 Hex            6%         N/A       61%         2
 Brom's Barrelling Bould  Conj/Erth      11%        2d3       71%         4
 Leda's Liquefaction      Alch/Erth      5%         N/A       71%         4
 Inner Flame              Hex/Fire       3%         N/A       82%         3
 Iskenderun's Mystic Bla Conj/Tloc 7%             2d4        (+2d1     92%         4
 Cause Fear               Hex            1%         N/A       99%         4
 Flame Wave               Conj/Fire      3%         2d5       99%         4
 Fulminant Prism          Conj/Alch      1%         3d5       99%         4
 Ignite Poison            Fire/Alch      3%         N/A       99%         4
 Olgreb's Toxic Radiance  Alch           3%         N/A       99%         4
 Sticky Flame             Fire/Alch      3%         2d4       99%         4
 Alistair's Intoxication  Alch           2%         N/A       100%        5
 Fireball                 Conj/Fire      1%         3d3       100%        5
 Freezing Cloud           Conj/Ice/Air   1%         6-21      100%        5
 Iskenderun's Battlesphe  Conj           3%         2d6       100%        5
 Yara's Violent Unravell  Hex/Alch       1%         3d3       100%        5
 Conjure Ball Lightning   Conj/Air       1%         3x3d6     100%        6
 Eringya's Noxious Bog    Alch           1%         4d6       100%        6
 Permafrost Eruption      Ice/Erth       6%         2x4d2     100%        6
 Enfeeble                 Hex            1%         N/A       100%        7
 Orb of Destruction       Conj           1%         9d5       100%        7
 Summon Hydra             Summ           12%        N/A       100%        7
 Lehudib's Crystal Spear  Conj/Erth      5%         10d3      100%        8


Dungeon Overview and Level Annotations

Branches:
Dungeon (15/15)            Temple (1/1) D:4            Lair (5/5) D:11
  Swamp (4/4) Lair:2       Spider (3/4) Lair:2        Slime (0/5) Lair:4
    Orc (2/2) D:12            Elf (0/3) Orc:2        Vaults (0/5) D:14
 Depths (0/4) D:15          Sewer (visited)          Bailey (visited)

Altars:
Ashenzari
Cheibriados
Dithmenos
Elyvilon
Fedhas
Gozag
Hepliaklqana
Kikubaaqudgha
Makhleb
Nemelex Xobeh
Okawaru
Qazlal
Ru
Sif Muna
Trog
Uskayaw
Vehumet
Wu Jian
Xom
Yredelemnul
Zin
The Shining One
Beogh
Jiyva

Shops:
D:2 ?   D:8 !   D:12 [   D:14 !(   Orc:2 (*?=

Portals:
Hell: Lair:5

Annotations:
D:4 2 runed translucent doors, Crazy Yiuf; snydleywhiplash's ghost, amateur BaFi
Lair:2 3 runed translucent doors, Griffin23's ghost, journeyman MiFi
Lair:4 1 runed translucent door
Swamp:3 1 runed translucent door, Yffusak's ghost, adept CoHu
Spider:1 1 runed translucent door, ShinQuickMan's ghost, adept HuCj
Abyss:1 Harold; Rupert


Innate Abilities, Weirdness & Mutations

Your spellcasting is much less encumbered by armour.
You can use scrolls of enchantment on lesser artefacts.


Message History

* * * LOW HITPOINT WARNING * * *
Unknown command.
Unknown command.
You closely miss the redback.
The redback is moderately wounded.
You block the redback's attack. You block the jumping spider's attack.
The jumping spider bites you but does no damage.
The broodmother is engulfed in poison gas.
The broodmother is poisoned.
You block the steelbarb worm's attack. The jumping spider barely misses you.
The jumping spider bites you but does no damage.
The redback bites you but does no damage.
You closely miss the redback.
The redback is moderately wounded.
The redback bites you!
* * * LOW HITPOINT WARNING * * *
The entropy weaver barely misses you.
You block the entropy weaver's attack. x3
The jumping spider pounces on you but does no damage.
The jumping spider bites you but does no damage.
The broodmother is engulfed in poison gas.
The broodmother looks even sicker.
The broodmother summons spiders!
The steelbarb worm completely misses you.
You impale the broodmother!!
Space warps horribly around the broodmother!!
The broodmother is moderately wounded.
You block the redback's attack. The jumping spider pounces on you!!
* * * LOW HITPOINT WARNING * * *
You are caught in a web!
The jumping spider bites you but does no damage.
The entropy weaver hits you.
* * * LOW HITPOINT WARNING * * *
The entropy weaver hits you but does no damage. x2
The entropy weaver closely misses you.
The broodmother is engulfed in poison gas.
The broodmother looks even sicker.
The broodmother bites you but does no damage.
The redback bites you but does no damage.
The jumping spider pounces on you but does no damage.
The jumping spider bites you.
You die...

,...ss###.............##...#*,*
,....s.sZ§§§§§§§§§§§§..^...#,,* *
,.ss..B..§§§§§§§§§§§.(.§.....,* *
,.###.s..§§§§§§§§§§###§§.....#***
**#......§§§§§§§§§§§§§§§.##..?,*,
*#.......§§§§§§§§§§§§§§§.^.#..,*^
*........§§§§.s§§§§§§§§§..##,,,
,..##...w§§§§§§ssw§§§§§§...#,,
*#*#.^.^.§§§§§§s@§§§§§§§####,,
,,,####..§§§§§§B§§§§§§§§....,,
,,,,,.{..§§§§§§s§#§§§§§§....,*
,,,,....§§#§§§§§#§§§§§§....,*
,,,,...§.#§§§§§#.§§§§§^....,
,,,,,*#§§§§§##§§§§§###..,
,,#§§§§§§§#.§§§§.....,
,,#§§§§§§§..§§§§....#,
,,........#..<.....^#*


You could see a broodmother (very poisoned), an entropy weaver, a steelbarb
worm, a culicivora (summoned), a jumping spider (berserk) and 2 redbacks.

Vanquished Creatures
  A bone dragon (Swamp:4)
  Jorgrun (Spider:1)
  Roxanne (Spider:2)
  Frances (D:12)
  A storm dragon (D:15)
  An emperor scorpion (Spider:1)
  A ghost moth (Spider:3)
  Louise (Spider:1)
  2 orc warlords
  A broodmother (Spider:3)
  4 eleionomae
  3 bunyips
  An ettin (Orc:2)
  An entropy weaver (Spider:1)
  A shambling mangrove (Swamp:2)
  2 catoblepae
  12 hydras
  A vault guard (Bailey)
  3 ghost crabs
  7 two-headed ogres
  An ogre mage (D:15)
  3 centaur warriors
  7 alligators
  A radroach (Spider:3)
  5 boulder beetles
  4 demonic crawlers (Spider:2)
  3 orc high priests (Orc:2)
  Sonja (Lair:3)
  6 pharaoh ants
  2 skysharks (Lair:5)
  A sixfirhy (Lair:5)
  6 skeletal warriors
  4 spriggans
  A death drake (Swamp:4)
  2 spriggan druids (Lair:2)
  2 arcanists
  5 swamp dragons
  7 orb spiders
  2 spectral hydras (Swamp:4)
  7 bog bodies
  A harpy (shapeshifter) (D:15)
  A spectral alligator (Swamp:4)
  4 orc knights
  Pikel (D:7)
  A phantasmal warrior (Swamp:4)
  2 alligator zombies (Swamp:4)
  2 obsidian bats
  2 oklob plants (D:11)
  4 deep elf pyromancers
  4 orc sorcerers
  10 ugly things
  18 wolf spiders
  3 cyclopes
  2 will-o-the-wisps
  5 manticores
  8 elephants
  2 fauns (shapeshifter) (D:15)
  5 moths of wrath
  Maurice (D:8)
  4 kobold blastminers (Orc:2)
  3 meliai
  15 slime creatures
  A torpor snail (shapeshifter) (D:15)
  A black mamba (Lair:5)
  A gargoyle (D:13)
  4 orange demons (D:15)
  7 torpor snails
  8 cane toads
  6 rime drakes
  5 swamp worm zombies (Swamp:4)
  An unseen horror (D:11)
  A kobold demonologist (D:11)
  4 komodo dragons
  5 red devils
  An ice devil (Lair:5)
  An efreet (D:15)
  2 tengu conjurers (D:15)
  5 trolls
  2 hydra zombies (Swamp:4)
  A hellwing (Lair:5)
  2 bloated husks
  4 polar bears
  19 jumping spiders
  6 hornets
  Prince Ribbit (Bailey)
  6 blink frogs
  19 tarantellas
  5 tyrant leeches
  A blink frog (shapeshifter) (D:15)
  2 spectral swamp dragons (Swamp:4)
  A dream sheep (shapeshifter) (D:15)
  16 culicivoras
  Sigmund (D:4)
  3 wraiths
  3 basilisks
  3 wyverns
  A shadow (D:9)
  A vampire (D:11)
  A basilisk (shapeshifter) (D:15)
  3 humans (Bailey)
  69 yaks
  A steam dragon (D:7)
  5 wargs
  A tyrant leech zombie (Swamp:4)
  6 vampire mosquitoes
  33 redbacks
  7 swamp worms
  4 hell hounds (Lair:5)
  An acid dragon (D:11)
  8 water moccasins
  5 sky beasts
  37 orc warriors
  2 swamp drakes (Swamp:1)
  2 laughing skulls (D:14)
  2 ice beasts
  3 swamp dragon zombies (Swamp:4)
  2 black bears (Lair:2)
  A boggart (shapeshifter) (D:15)
  15 ogres
  9 centaurs
  32 wolves
  A centaur (shapeshifter) (D:15)
  2 lemures (D:7)
  6 phantoms (Swamp:4)
  10 kobold brigands
  24 bullfrogs
  5 gnoll sergeants
  A scorpion (Lair:2)
  20 wights
  5 killer bees (D:9)
  4 electric eels
  9 howler monkeys
  2 bombardier beetles
  3 hounds
  5 jellies
  3 gnoll boudas
  A sleepcap (D:5)
  25 orc priests
  3 iguanas
  Ijyb (D:4)
  13 orc wizards
  12 adders
  22 gnolls
  6 river rats
  2 shadow imps
  A white imp (D:5)
  5 ribbon worms
  4 dart slugs
  108 orcs
  11 endoplasms
  A giant cockroach (D:1)
  8 hobgoblins
  5 jackals
  3 quokkas
  12 ball pythons
  4 bats
  4 frilled lizards
  24 goblins
  22 kobolds
  18 rats
1028 creatures vanquished.

Vanquished Creatures (others)
  An arcanist (D:14)
  A spriggan druid (Swamp:2)
  A hornet (Swamp:2)
  A troll (D:11)
  2 bloated husks (Swamp:4)
  20 foxfires
26 creatures vanquished.

Grand Total: 1054 creatures vanquished

Notes
Turn   | Place    | Note
-------+----------+-------------------------------------------
     0 | D:1      | mdk the Mountain Dwarf Fighter began the quest for the Orb.
     0 | D:1      | Reached XP level 1. HP: 19/19 MP: 1/1
   100 | D:1      | Reached XP level 2. HP: 9/26 MP: 2/2
   393 | D:1      | Found a faded altar of an unknown god.
   499 | D:1      | Reached XP level 3. HP: 30/33 MP: 3/3
   748 | D:2      | Found a blossoming altar of Fedhas.
   844 | D:2      | Reached skill level 4 in Fighting
   977 | D:2      | Found Wynyoj's Magic Scroll Shop.
  1012 | D:2      | Reached XP level 4. HP: 38/40 MP: 4/4
  2520 | D:4      | Reached XP level 5. HP: 10/47 MP: 5/5
  2650 | D:4      | Found a glowing drain.
  2663 | Sewer    | Entered a sewer
  2789 | Sewer    | Reached skill level 5 in Fighting
  3043 | Sewer    | Reached skill level 5 in Axes
  3043 | Sewer    | Reached XP level 6. HP: 28/56 MP: 6/6
  3661 | D:4      | Reached XP level 7. HP: 62/62 MP: 7/7
  3661 | D:4      | Noticed Ijyb
  3686 | D:4      | Killed Ijyb
  3742 | D:4      | Found a runed translucent door.
  3743 | D:4      | Noticed Crazy Yiuf
  3821 | D:4      | Found a staircase to the Ecumenical Temple.
  3836 | Temple   | Entered the Ecumenical Temple
  3874 | D:4      | Found a runed translucent door.
  3922 | D:4      | Noticed Sigmund
  3941 | D:4      | Killed Sigmund
  3942 | D:4      | Reached skill level 6 in Fighting
  4122 | D:4      | Noticed snydleywhiplash's ghost (amateur BaFi)
  4529 | D:5      | Entered Level 5 of the Dungeon
  4529 | D:5      | Found the +8 demon trident "Rift" {distort, reach+}
  4555 | D:5      | Found an ornate altar of the Wu Jian Council.
  4563 | D:5      | Reached skill level 5 in Armour
  4565 | D:5      | HP: 1/64 [gnoll sergeant/+2 trident of flaming (3)]
  4572 | D:5      | Reached skill level 1 in Polearms
  4572 | D:5      | Reached skill level 5 in Shields
  4917 | D:5      | Reached XP level 8. HP: 71/71 MP: 8/8
  5164 | D:5      | Found a shimmering altar of Xom.
  5431 | D:5      | Reached skill level 7 in Fighting
  5448 | D:5      | Found a burning altar of Makhleb.
  5856 | D:6      | Reached skill level 1 in Throwing
  6022 | D:6      | Found an opulent altar of Gozag.
  6158 | D:6      | Reached skill level 8 in Fighting
  6158 | D:6      | Reached XP level 9. HP: 78/81 MP: 9/9
  6859 | D:7      | Noticed Pikel
  6866 | D:7      | Killed Pikel
  6867 | D:7      | Reached skill level 5 in Polearms
  6878 | D:7      | Found a flagged portal.
  6885 | Bailey   | Entered a bailey
  6989 | Bailey   | Reached skill level 9 in Fighting
  7172 | Bailey   | Reached XP level 10. HP: 87/91 MP: 10/10
  7253 | Bailey   | Noticed a vault guard
  7264 | Bailey   | Killed a vault guard
  7299 | Bailey   | Noticed Prince Ribbit
  7299 | Bailey   | Noticed a vault guard
  7311 | Bailey   | Banished a vault guard
  7334 | Bailey   | Killed Prince Ribbit
  7704 | Temple   | Became a worshipper of Ashenzari the Shackled
  7844 | D:7      | Reached skill level 10 in Fighting
  7844 | D:7      | Reached skill level 5 in Throwing
  8017 | D:7      | Paralysed by a hornet for 2 turns
  8451 | D:8      | Found Viessid's Distillery.
  8485 | D:8      | Noticed a two-headed ogre
  8491 | D:8      | Killed a two-headed ogre
  8751 | D:8      | Reached XP level 11. HP: 101/101 MP: 11/11
  9099 | D:8      | Noticed Maurice
  9106 | D:8      | Killed Maurice
  9944 | D:9      | Reached skill level 11 in Fighting
 10363 | D:9      | Found a glowing silver altar of Zin.
 10363 | D:9      | Found an iron altar of Okawaru.
 10430 | D:10     | Entered Level 10 of the Dungeon
 10883 | D:10     | Reached * piety under Ashenzari
 10990 | D:10     | Found a hide-covered altar of Uskayaw.
 11506 | D:11     | Noticed an oklob plant
 11627 | D:10     | Reached XP level 12. HP: 113/113 MP: 12/12
 12086 | D:11     | Found a staircase to the Lair.
 12091 | D:11     | Reached skill level 12 in Fighting
 12608 | Lair:1   | Entered Level 1 of the Lair of Beasts
 12867 | Lair:1   | Reached ** piety under Ashenzari
 13379 | Lair:2   | Reached skill level 10 in Polearms
 13470 | Lair:2   | Found a runed translucent gate.
 13471 | Lair:2   | Found a runed translucent gate.
 13472 | Lair:2   | Found a runed translucent gate.
 13476 | Lair:2   | Noticed Griffin23's ghost (journeyman MiFi)
 13482 | Lair:2   | Identified the +3 flail of Terror {venom, rC+}
 13483 | Lair:2   | Found a viscous altar of Jiyva.
 13483 | Lair:2   | Identified the staff of Grace {+Blink Will+ Conj}
 13551 | Lair:2   | Noticed a boulder beetle
 13562 | Lair:2   | Killed a boulder beetle
 13649 | Lair:2   | Found a hole to the Spider Nest.
 13753 | Lair:2   | Reached skill level 13 in Fighting
 13835 | Lair:2   | Found a staircase to the Swamp.
 13844 | Lair:2   | Reached XP level 13. HP: 124/124 MP: 13/13
 13931 | Lair:2   | Reached *** piety under Ashenzari
 13979 | Lair:2   | Noticed Harold
 13987 | Lair:2   | Banished Harold
 14423 | Lair:3   | Reached skill level 10 in Armour
 14789 | Lair:3   | Noticed Sonja
 14817 | Lair:3   | Killed Sonja
 15428 | Lair:4   | Found a runed translucent door.
 15429 | Lair:4   | Found a staircase to the Slime Pits.
 15429 | Lair:4   | Noticed an acid blob
 15511 | Lair:4   | Reached skill level 10 in Shields
 15529 | Lair:4   | Reached skill level 14 in Fighting
 16015 | Lair:5   | Entered Level 5 of the Lair of Beasts
 16393 | Lair:5   | Reached XP level 14. HP: 136/136 MP: 14/14
 16448 | Lair:5   | Reached skill level 10 in Throwing
 16736 | Lair:5   | Reached **** piety under Ashenzari
 16737 | Lair:5   | Found a burning altar of Makhleb.
 16986 | Lair:5   | Found a gateway to Hell.
 16986 | Lair:5   | Identified the +8 hand axe of Sharkskin {flame, rF+ rC+}
 17305 | D:12     | Reached skill level 15 in Fighting
 17406 | D:12     | Found Tell's Armour Boutique.
 17407 | D:12     | Found a staircase to the Orcish Mines.
 17426 | D:12     | Bought +0 gold dragon scales for 1120 gold pieces
 17522 | D:12     | Noticed Frances
 17532 | D:12     | Killed Frances
 18172 | Orc:1    | Entered Level 1 of the Orcish Mines
 18186 | Orc:1    | Found a burning altar of Makhleb.
 18389 | Orc:2    | Entered Level 2 of the Orcish Mines
 18842 | Orc:2    | Found a roughly hewn altar of Beogh.
 19024 | Orc:2    | Found Ecydwal's General Store.
 19075 | Orc:2    | Found Yguy's Antique Weapon Emporium.
 19423 | Orc:2    | Noticed an orc warlord
 19456 | Orc:2    | Killed an orc warlord
 19567 | Orc:2    | Found a roughly hewn altar of Beogh.
 19581 | Orc:2    | Found Pubush's Jewellery Emporium.
 19699 | Orc:2    | Reached skill level 16 in Fighting
 19749 | Orc:2    | Found Jevas's Magic Scroll Shop.
 19785 | Orc:2    | Bought a scroll of acquirement for 572 gold pieces
 19785 | Orc:2    | Acquired a manual of Throwing
 20043 | Orc:2    | Reached XP level 15. HP: 116/149 MP: 15/15
 20192 | Orc:2    | Found a staircase to the Elven Halls.
 21428 | D:13     | Reached ***** piety under Ashenzari
 21866 | D:14     | Found Guleg's Distillery.
 21867 | D:14     | Found Roh Maim's Antique Weapon Boutique.
 21923 | D:14     | Reached skill level 1 in Evocations
 21929 | D:14     | Noticed Rupert
 21937 | D:14     | Banished Rupert
 22107 | D:14     | Reached skill level 17 in Fighting
 22108 | D:14     | Found a gate to the Vaults.
 22294 | D:15     | Entered Level 15 of the Dungeon
 22704 | D:15     | Acquired a +4 ring of protection
 22729 | D:15     | Reached skill level 5 in Evocations
 22735 | D:15     | Learned a level 5 spell: Borgnjor's Vile Clutch
 22743 | D:15     | Found a staircase to the Depths.
 22744 | D:15     | Noticed a storm dragon
 22749 | D:15     | Banished a storm dragon
 22821 | D:15     | Noticed a storm dragon
 22839 | D:15     | Killed a storm dragon
 22844 | D:15     | Reached XP level 16. HP: 99/165 MP: 16/16
 23158 | D:15     | Identified the +6 triple crossbow of Parsimonious Prudence
                  | {drain, rF+}
 23158 | D:15     | Identified the +5 long sword of Unpleasantness {freeze,
                  | Dex+5}
 23866 | Swamp:1  | Entered Level 1 of the Swamp
 23884 | Swamp:1  | Reached ****** piety under Ashenzari
 24026 | Swamp:1  | Reached skill level 18 in Fighting
 25049 | Swamp:3  | Found a runed translucent door.
 25051 | Swamp:3  | Noticed Yffusak's ghost (adept CoHu)
 25052 | Swamp:3  | Noticed a tentacled monstrosity
 25377 | Swamp:3  | Learned a level 5 spell: Summon Forest
 25593 | Swamp:3  | Identified the +2 double sword "Leviticus" {freeze, rPois
                  | rCorr Stlth-}
 25611 | Swamp:4  | Entered Level 4 of the Swamp
 25782 | Swamp:4  | Reached skill level 1 in Summonings
 25782 | Swamp:4  | Reached skill level 1 in Earth Magic
 25785 | Swamp:4  | Reached skill level 1 in Necromancy
 25901 | Swamp:4  | Reached skill level 1 in Spellcasting
 25917 | Swamp:4  | Reached skill level 1 in Translocations
 25922 | Swamp:4  | Reached skill level 1 in Stealth
 25973 | Swamp:4  | Reached skill level 1 in Dodging
 26553 | Swamp:4  | Reached XP level 17. HP: 179/179 MP: 23/23
 26614 | Swamp:4  | Noticed a bone dragon
 26640 | Swamp:4  | Killed a bone dragon
 26858 | Swamp:4  | Got a decaying rune of Zot
 26998 | Spider:1 | Entered Level 1 of the Spider Nest
 27163 | Spider:1 | Noticed Jorgrun
 27182 | Spider:1 | Noticed Louise
 27192 | Spider:1 | Killed Jorgrun
 27206 | Spider:1 | Killed Louise
 27485 | Spider:1 | Noticed ShinQuickMan's ghost (adept HuCj)
 27609 | Spider:1 | Found a runed translucent door.
 27962 | Spider:2 | Identified the amulet of Zitami {Spirit Str+3}
 28276 | Spider:2 | Noticed Roxanne
 28315 | Spider:2 | Killed Roxanne
 28480 | Spider:2 | Reached skill level 19 in Fighting
 28794 | Spider:2 | Identified the +3 leather armour "Zeuxac" {Stlth+}
 29130 | Spider:3 | Reached skill level 10 in Evocations
 29456 | Spider:3 | Reached skill level 5 in Necromancy
 29503 | Spider:3 | Reached skill level 5 in Earth Magic
 29903 | Spider:3 | HP: 6/180 [entropy weaver (6)]
 29903 | Spider:3 | Slain by a jumping spider

Illustrated notes

Levels and vault maps discovered:
D:1:      nicolae_arrival_washed_ashore, layout_rooms,
          dreamdust_ecumenical_altar_statues
D:2:      cheibrodos_greedy_goblins, layout_basic, basic_altar, serial_shops,
          nicolae_shop_competitors_out_of_business
D:3:      minmay_spotlight, layout_loops_ring, amethyst_killhole,
          chequers_serial_rivers_large_b
D:4:      layout_cave_pods, minmay_temple_entry_offerings, portal_sewer_entry_e,
          ebering_ghost_reflecting_pool, uniq_crazy_yiuf_cottage, uniq_ijyb,
          uniq_sigmund
D:5:      layout_gridville, mainiacjoe_overflow_paths, serial_co_window_serial,
          co_window_paths_a, co_window_paths_b, co_window_corner_a,
          co_window_corner_a, co_window_paths_a, co_window_2corner,
          co_window_2corner, co_window_broadway_c, co_window_of_opportunity_b,
          co_window_of_opportunity_c, co_window_4corner_b, co_window_paths_d,
          glass_columns_c, glass_columns_a, glass_columns_b, glass_columns_b,
          hangedman_feature_mirror
D:6:      layout_loops_corners, nicolae_overflow_hidden_temple,
          kennysheep_opposing_triangles
D:7:      layout_rooms, enter_bailey_3, serial_bayou, serial_bayou_ford_a,
          serial_bayou_pond_d, serial_bayou_pond_a, serial_bayou_shore_b,
          uniq_pikel
D:8:      minmay_razor_zed, layout_basic, nicolae_stop_n_shop_2, uniq_maurice
D:9:      layout_rooms, gammafunk_temple_overflow_pools
D:10:     layout_basic, nicolae_uskayaw_suspiria, serial_library,
          serial_library_hellmonk_layered_room, serial_library_hellmonk_room_a,
          serial_library_hellmonk_u_bend, serial_library_hellmonk_hallway_b,
          serial_library_hellmonk_open_cross,
          serial_library_regret_index_double_sided, wad_floor_pattern_2
D:11:     layout_stronghold, dpeg_oklobed_lair
D:12:     layout_stronghold, orc_david_3, uniq_frances
D:13:     layout_gridville, dreamdust_looks_like_rain
D:14:     layout_rooms, david_vaults_1, nicolae_wooded_promenade,
          feat_on_display, uniq_rupert
D:15:     vault_1, layout_rooms, minmay_beelzebubs_servants
Temple:   minmay_temple_bridge_d
Lair:1:   layout_hall_layers
Lair:2:   layout_regular_city, mainiacjoe_swamp_entry_angry_trees,
          spider_nest_entry_rubble, gammafunk_ghost_ooze,
          nicolae_lair_lakeside_cave, infiniplex_staircase_pool_2,
          lemuel_fruit_tree, uniq_harold
Lair:3:   layout_roguey, nicolae_lair_run_with_the_wolves, uniq_sonja
Lair:4:   layout_layer_cave, slime_entry_2
Lair:5:   evil_forest, layout_long_grid, patterned_corridor
Swamp:1:  layout_basic_swamp, evilmike_swamp_ruin_house_1
Swamp:2:  layout_falls_marsh, evilmike_swamp_ruin_house_2
Swamp:3:  layout_basic_swamp, ebering_ghost_inner_flame, serial_swamp_ruin,
          evilmike_swamp_ruin_house_4, evilmike_swamp_ruin_rubble_2,
          evilmike_swamp_ruin_house_5
Swamp:4:  swamp_pestilence, layout_basic_swamp, swamp_pool_1_2
Spider:1: layout_spider_delve, hellmonk_ghost_happy_afterlife, uniq_jorgrun,
          uniq_louise
Spider:2: nicolae_spider_hilbert_zone_5 [nicolae_spider_hilbert_3_sides_1_open,
          nicolae_spider_hilbert_4_sides_1_open,
          nicolae_spider_hilbert_4_sides_1_open,
          nicolae_spider_hilbert_6_sides_1_open,
          nicolae_spider_hilbert_6_sides_1_open], spiders_nest_spider_trap,
          uniq_roxanne
Spider:3: layout_spider_delve, nicolae_spider_bug_shape
Orc:1:    layout_diamond_mine, bloody_makhleb
Orc:2:    pubby_orc_utopia

Skill      XL: |  1  2  3  4  5  6  7  8  9 10 11 12 13 14 15 16 17 |
---------------+----------------------------------------------------+-----
Axes           | 3 4 5 6 |  6.4
Fighting       | 4 5 6 8 9 10 11 13 14 16 17 18 19 | 19.2
Armour         | 4 5 6 7 8 9 10 11 12 13 | 13.3
Shields        | 4 5 6 7 8 9 10 11 12 13 | 13.2
Polearms       | 1 4 5 7 9 10 11 | 11.1
Throwing       | 2 4 5 7 8 9 11 12 | 12.9
Evocations     | 5 9 10 | 10.2
Summonings     | 1 4 |  4.8
Earth Magic    | 1 5 |  5.2
Necromancy     | 2 5 |  5.4
Spellcasting   | 1 2 |  2.6
Translocations | 1 3 |  3.9
Stealth        | 1 2 |  2.7
Dodging        | 1 2 |  2.1

Action                     |  1- 3 |  4- 6 |  7- 9 | 10-12 | 13-15 | 16-18 || total
---------------------------+-------+-------+-------+-------+-------+-------++-------
  Melee: War axe           |   116 |   259 |    45 |       |       |       ||   420
         Demon trident     |       |       |   188 |   620 |  1268 |  1059 ||  3135
         Unarmed           |       |       |       |     1 |       |       ||     1
  Throw: Dart              |       |     2 |     1 |    25 |    28 |    77 ||   133
         Boomerang         |       |       |       |       |    25 |    57 ||    82
 Invoke: Curse Item        |       |       |       |     4 |     7 |     1 ||    12
         Shatter the Chain |       |       |       |       |     2 |       ||     2
  Evoke: Tin of tremorston |       |       |       |       |       |     2 ||     2
    Use: Scroll            |       |    14 |     5 |     8 |     4 |     7 ||    38
         Potion            |       |       |     1 |     1 |       |       ||     2
 Armour: Scale mail        |   114 |   262 |   116 |   118 |       |       ||   610
         Troll leather arm |       |       |       |   105 |   121 |       ||   226
         Gold dragon scale |       |       |       |       |   156 |   620 ||   776
  Dodge: Dodged            |    58 |   106 |    46 |   218 |   188 |   215 ||   831
  Block: Buckler           |    30 |    45 |    21 |    98 |   206 |       ||   400
         Reflection        |       |       |       |       |    45 |     8 ||    53
         Kite shield       |       |       |       |       |    88 |   724 ||   812

Table legend: (Time is in decaauts)
 A = Elapsed time spent in this place.
 B = Non-inter-level travel time spent in this place.
 C = Inter-level travel time spent in this place.
 D = Time resting spent in this place.
 E = Time spent auto-exploring this place.
 F = Levels seen in this place.
 G = Mean time per level.
                   A        B        C        D        E       F      G
               +--------+--------+--------+--------+--------+-----+--------+
         Total |  29352 |  27537 |   1815 |   2352 |  19482 |  32 |  917.2 |
       Dungeon |  14956 |  13985 |    971 |    919 |  10541 |  15 |  997.1 |
        Temple |    149 |      3 |    146 |      0 |      0 |   1 |  149.0 |
          Lair |   4564 |   4235 |    329 |    202 |   3242 |   5 |  912.8 |
         Swamp |   2975 |   2841 |    134 |    124 |   2088 |   4 |  743.8 |
   Spider Nest |   2705 |   2632 |     73 |    735 |   1230 |   3 |  901.7 |
  Orcish Mines |   2207 |   2047 |    160 |      0 |   1492 |   2 | 1103.5 |
         Sewer |   1143 |   1143 |      0 |    107 |    716 |   1 | 1143.0 |
        Bailey |    650 |    650 |      0 |    263 |    173 |   1 |  650.0 |
               +--------+--------+--------+--------+--------+-----+--------+

Top non-repeatable levels by time:
   Orc:2: 1793 daAuts
Spider:2: 1622 daAuts
    D:15: 1344 daAuts
     D:5: 1298 daAuts
     D:4: 1250 daAuts
 Swamp:4: 1244 daAuts
    D:10: 1197 daAuts
     D:8: 1182 daAuts
  Lair:2: 1147 daAuts
   Sewer: 1143 daAuts
    D:13: 1119 daAuts
  Lair:5: 1094 daAuts
     D:6: 1051 daAuts
    D:12: 975 daAuts
    D:11: 956 daAuts
